Map: Berlingrad LE

Players

AgoElazer (Elazer) - Winner!

  • Race: Zerg Zerg

Erik

  • Race: Zerg Zerg

Event: DreamHack SC2 Masters Last Chance 2022

VOD

Have the link to the VOD?

Description

Time

  • Played on: Dec. 19, 2021, 6:54 p.m.
  • Length: 7:59

All games in this series

Show
View Real Time Build Order
Export as new Build Order

AgoElazer Zerg - Winner!

Build Orders: Hatch First 

Get SALT Encoding   

  12  0:00  Drone  
  13  0:12  Overlord  
  13  0:17  Drone  
  14  0:30  Drone x2  
  16  0:47  Hatchery  
  15  0:51  Drone  
  15  0:54  Drone  
  17  0:57  Drone  
  18  1:08  Extractor  
  17  1:13  Spawning Pool  
  17  1:15  Drone  
  18  1:18  Drone  
  18  1:28  Drone  
  19  1:39  Drone  
  20  1:50  Drone  
  21  1:59  Drone  
  21  2:00  Queen x2  
  21  2:01  Overlord  
  26  2:11  Metabolic Boost, Drone x2  
  28  2:22  Drone x2  
  30  2:32  Drone x2  
  34  2:42  Evolution Chamber  
  31  2:45  Drone, Overlord  
  32  2:51  Hatchery  
  32  2:54  Drone x2  
  33  3:07  Zergling x14  
  40  3:13  Zerg Ground Armor Level 1  
  40  3:15  Drone  
  40  3:19  Overlord  
  41  3:20  Drone  
  42  3:28  Roach Warren  
  42  3:29  Drone  
  42  3:30  Drone  
  43  3:38  Drone  
  43  3:40  Drone x4  
  48  3:43  Extractor  
  46  3:48  Drone x3  
  46  3:54  Lair  
  49  3:56  Overlord  
  49  3:59  Drone  
  50  4:03  Extractor  
  50  4:05  Drone x2  
  50  4:07  Queen  
  53  4:13  Drone x3  
  53  4:14  Drone  
  57  4:17  Overlord  
  57  4:21  Overlord  
  57  4:23  Drone  
  58  4:25  Drone x2  
  58  4:30  Overlord  
  60  4:38  Overlord  
  58  4:48  Drone x2  
  58  4:49  Drone x5  
  58  4:50  Roach  
  58  4:51  Roach x3  
  73  4:56  Roach  
  73  4:57  Roach x2  
  73  4:58  Glial Reconstitution  
  79  5:03  Roach  
  79  5:06  Roach  
  83  5:09  Queen  
  83  5:11  Queen  
  83  5:13  Roach  
  89  5:16  Overlord  
  88  5:27  Queen  
  89  5:32  Overlord x2  
  89  5:36  Zergling x16  
  97  5:43  Zerg Missile Weapons Level 1  
  97  5:44  Spore Crawler x2  
  97  5:47  Overlord x2  
  95  5:50  Queen x2  
  95  5:54  Zergling x10  
  104  5:58  Zergling x6  
  107  6:06  Overlord x2  
  107  6:07  Queen  
  109  6:11  Spore Crawler  
  109  6:13  Drone x2  
  110  6:22  Overlord  
  108  6:26  Queen  
  108  6:34  Roach x8  
  108  6:39  Queen  
  124  6:41  Roach x2  
  128  6:49  Spore Crawler, Overlord  
  127  6:55  Roach  
  127  6:56  Roach x4  
  137  7:06  Roach x4  
  144  7:12  Roach  
  144  7:13  Roach x4  
  154  7:24  Overlord  
  154  7:25  Overlord  
Show
View Real Time Build Order
Export as new Build Order

Erik Zerg 

Build Orders: Hatch First 

Get SALT Encoding   

  12  0:00  Drone  
  13  0:08  Drone  
  14  0:14  Extractor  
  14  0:15  Drone  
  15  0:36  Hatchery  
  15  0:41  Drone, Extractor  
  15  0:47  Overlord  
  15  1:02  Spawning Pool  
  14  1:07  Drone  
  14  1:09  Drone  
  16  1:12  Extractor  
  16  1:15  Drone  
  16  1:19  Drone  
  17  1:29  Drone  
  18  1:39  Drone  
  19  1:48  Queen x2  
  19  1:50  Drone  
  19  1:52  Drone  
  25  1:59  Drone  
  26  2:02  Overlord  
  26  2:11  Drone  
  26  2:12  Drone  
  28  2:20  Drone  
  29  2:23  Drone  
  30  2:34  Roach Warren  
  30  2:35  Drone  
  30  2:36  Drone  
  31  2:43  Extractor  
  30  2:44  Overlord  
  30  2:46  Drone  
  31  2:57  Drone  
  31  2:58  Drone x4  
  36  3:02  Overlord x2  
  36  3:07  Lair  
  36  3:14  Roach x2  
  36  3:16  Roach  
  36  3:18  Drone  
  43  3:23  Drone  
  43  3:25  Extractor  
  43  3:26  Extractor  
  42  3:29  Overlord  
  42  3:36  Drone, Evolution Chamber  
  42  3:37  Evolution Chamber  
  42  3:39  Drone  
  42  3:50  Drone  
  42  3:51  Drone  
  42  3:52  Drone x2  
  42  3:53  Drone  
  47  3:58  Drone  
  48  4:04  Zerg Missile Weapons Level 1  
  48  4:05  Glial Reconstitution  
  48  4:09  Spire  
  47  4:16  Overlord  
  47  4:17  Roach  
  47  4:20  Roach  
  51  4:25  Drone x2  
  51  4:26  Drone  
  51  4:28  Drone  
  51  4:30  Drone  
  56  4:34  Roach  
  56  4:36  Roach  
  60  4:40  Pneumatized Carapace  
  60  4:46  Overlord  
  60  4:48  Roach  
  62  4:56  Overlord  
  62  4:58  Roach x2  
  62  4:59  Roach  
  68  5:15  Hatchery  
  68  5:18  Overlord  
  67  5:25  Mutalisk  
  67  5:26  Mutalisk x3  
  73  5:33  Mutalisk x2  
  77  5:46  Overlord  
  77  5:51  Roach  
  77  5:52  Roach x3  
  85  6:04  Roach x5  
  95  6:13  Overlord  
  95  6:17  Roach x3  
  101  6:24  Overlord  
  101  6:25  Roach  
  101  6:48  Roach x10  
  101  6:54  Drone x2  
  123  6:55  Drone  
  123  7:00  Drone  
  125  7:01  Drone  
  122  7:16  Drone x3  
  122  7:17  Drone  
  122  7:18  Drone  
  127  7:27  Mutalisk  
  129  7:32  Overlord x3  
  129  7:39  Overlord  
  129  7:40  Overlord  

Tags
 
Add a new tag
Caveats
  • Supply blocks, unpowered buildings, or Contaminate may cause inaccurate times.
  • Supply counts are checked every 10 seconds.